[ AOE2 MATCH · #474312490 ]
UnrankedBurmese vs Malians
[ REPLAY ANALYSIS · EXTRACTED FROM THE RECORDED GAME ]
Feudal
11:08
Castle
14:52
Imperial
30:09
| APM avg | 22.1 |
| APM peak | 52 |
| eAPM avg | 13.1 |
| Villagers / military | 143 / 17 |
Focus
⚔️ 21.6% · 🌾 78.4%
Battle Elephant ×12 · Mangonel ×4 · Bombard Cannon ×1
Feudal
10:44
Castle
14:53
Imperial
35:39
| APM avg | 42.5 |
| APM peak | 110 |
| eAPM avg | 23.0 |
| Villagers / military | 165 / 96 |
Focus
⚔️ 35.6% · 🌾 64.4%
Skirmisher ×53 · Gbeto ×42 · Battering Ram ×1 · Unknown (1105) ×1
Feudal
11:05
Castle
14:44
Imperial
28:39
| APM avg | 34.8 |
| APM peak | 77 |
| eAPM avg | 15.9 |
| Villagers / military | 92 / 62 |
Focus
⚔️ 29.1% · 🌾 70.9%
Monk ×16 · Spearman ×16 · Bombard Cannon ×14 · Hussite Wagon ×10 · Petard ×2 · Mangonel ×2
Feudal
10:56
Castle
14:26
Imperial
27:59
| APM avg | 37.5 |
| APM peak | 84 |
| eAPM avg | 25.1 |
| Villagers / military | 136 / 127 |
Focus
⚔️ 49.2% · 🌾 50.8%
Knight ×125 · Petard ×2
Feudal
10:59
Castle
14:29
Imperial
32:58
| APM avg | 46.3 |
| APM peak | 97 |
| eAPM avg | 29.1 |
| Villagers / military | 158 / 29 |
Focus
⚔️ 22.8% · 🌾 77.2%
Monk ×14 · Battle Elephant ×6 · Scorpion ×4 · Armored Elephant ×4 · Mangonel ×1
Feudal
11:04
Castle
14:37
Imperial
28:00
| APM avg | 25.3 |
| APM peak | 48 |
| eAPM avg | 17.3 |
| Villagers / military | 152 / 48 |
Focus
⚔️ 21.4% · 🌾 78.6%
Genoese Crossbowman ×43 · Mangonel ×3 · Monk ×2
Feudal
11:23
Castle
15:18
Imperial
—
| APM avg | 35.6 |
| APM peak | 59 |
| eAPM avg | 19.9 |
| Villagers / military | 177 / 75 |
Focus
⚔️ 26.8% · 🌾 73.2%
Konnik ×50 · Scout Cavalry ×15 · Petard ×6 · Militia ×2 · Spearman ×2
Feudal
11:09
Castle
14:40
Imperial
29:07
| APM avg | 29.0 |
| APM peak | 101 |
| eAPM avg | 19.2 |
| Villagers / military | 145 / 68 |
Focus
⚔️ 28.1% · 🌾 71.9%
War Wagon ×56 · Bombard Cannon ×8 · Iron Pagoda ×4
Match map
Initial resources + every placement click. Lines = walls · curves = elevation contours. ◆ gold · ⬟ stone · ● berries · ✦ relic · ◌ wall gap
Inputs per minute
— Kou_Bs - - TW_andy.fet
Build order — Kou_Bs
First 150 of 300 actions detected
| 0:09 | Create | Villager (Male) |
| 0:09 | Create | Villager (Male) |
| 0:11 | Build | House |
| 0:12 | Build | House |
| 0:20 | Create | Villager (Male) |
| 0:20 | Create | Villager (Male) |
| 1:40 | Create | Villager (Male) |
| 1:41 | Create | Villager (Male) |
| 2:13 | Build | Lumber Camp |
| 2:16 | Create | Villager (Male) |
| 2:16 | Create | Villager (Male) |
| 3:08 | Create | Villager (Male) |
| 3:08 | Create | Villager (Male) |
| 3:37 | Build | House |
| 3:38 | Build | House |
| 3:39 | Build | House |
| 3:39 | Build | House |
| 3:42 | Create | Villager (Male) |
| 3:42 | Create | Villager (Male) |
| 4:19 | Create | Villager (Male) |
| 4:19 | Create | Villager (Male) |
| 4:38 | Create | Villager (Male) |
| 5:07 | Create | Villager (Male) |
| 5:07 | Create | Villager (Male) |
| 5:42 | Build | Mill |
| 5:51 | Create | Villager (Male) |
| 6:12 | Create | Villager (Male) |
| 6:13 | Create | Villager (Male) |
| 6:13 | Create | Villager (Male) |
| 6:56 | Build | Farm |
| 6:57 | Create | Villager (Male) |
| 6:57 | Create | Villager (Male) |
| 7:16 | Create | Villager (Male) |
| 7:27 | Build | Farm |
| 7:43 | Create | Villager (Male) |
| 7:46 | Build | Farm |
| 8:17 | Build | Farm |
| 8:37 | Build | Mining Camp |
| 8:55 | Research | Feudal Age |
| 11:08 | Age | Feudal Age |
| 11:12 | Create | Villager (Male) |
| 11:12 | Create | Villager (Male) |
| 11:19 | Build | Market |
| 11:25 | Build | Blacksmith |
| 12:12 | Research | Castle Age |
| 12:31 | Research | Horse Collar |
| 14:33 | Create | Villager (Male) |
| 14:33 | Create | Villager (Male) |
| 14:52 | Age | Castle Age |
| 14:54 | Build | Town Center |
| 15:01 | Build | Siege Workshop |
| 15:09 | Build | Town Center |
| 15:15 | Create | Villager (Male) |
| 15:29 | Build | Farm |
| 15:48 | Create | Mangonel |
| 15:56 | Build | Farm |
| 16:16 | Create | Villager (Male) |
| 16:16 | Create | Villager (Male) |
| 16:22 | Create | Villager (Male) |
| 16:23 | Create | Villager (Male) |
| 16:27 | Build | Farm |
| 16:36 | Research | Loom |
| 16:38 | Build | Farm |
| 16:42 | Create | Villager (Male) |
| 16:43 | Create | Villager (Male) |
| 17:06 | Create | Villager (Male) |
| 17:06 | Create | Villager (Male) |
| 17:32 | Build | House |
| 17:33 | Build | House |
| 17:34 | Build | House |
| 17:47 | Build | Mill |
| 17:48 | Build | Farm |
| 17:48 | Build | Farm |
| 17:48 | Build | Farm |
| 17:57 | Create | Villager (Male) |
| 17:57 | Create | Villager (Male) |
| 17:57 | Create | Villager (Male) |
| 18:03 | Create | Mangonel |
| 18:15 | Create | Villager (Male) |
| 18:19 | Build | Farm |
| 18:25 | Create | Villager (Male) |
| 18:51 | Build | Building 487 |
| 18:57 | Build | Stone Wall |
| 18:58 | Create | Villager (Male) |
| 18:59 | Create | Villager (Male) |
| 18:59 | Create | Villager (Male) |
| 18:59 | Create | Villager (Male) |
| 19:02 | Build | Farm |
| 19:09 | Build | Farm |
| 19:18 | Build | Farm |
| 19:21 | Build | Farm |
| 19:27 | Build | Farm |
| 19:35 | Build | Farm |
| 19:36 | Create | Villager (Male) |
| 19:36 | Create | Villager (Male) |
| 19:37 | Create | Villager (Male) |
| 19:44 | Create | Mangonel |
| 19:46 | Create | Villager (Male) |
| 19:56 | Build | Stone Wall |
| 19:57 | Build | Stone Wall |
| 19:58 | Build | Stone Wall |
| 20:00 | Build | Stone Wall |
| 20:01 | Build | Stone Wall |
| 20:05 | Build | Building 490 |
| 20:10 | Build | Stone Wall |
| 20:14 | Build | Stone Wall |
| 20:14 | Build | Stone Wall |
| 20:15 | Create | Villager (Male) |
| 20:16 | Create | Villager (Male) |
| 20:18 | Build | Farm |
| 20:20 | Build | Farm |
| 20:22 | Build | Farm |
| 20:28 | Create | Villager (Male) |
| 20:28 | Create | Villager (Male) |
| 20:42 | Build | Mill |
| 20:43 | Build | Farm |
| 20:43 | Build | Farm |
| 20:43 | Build | Farm |
| 20:43 | Build | Farm |
| 20:43 | Build | Farm |
| 20:47 | Create | Villager (Male) |
| 20:48 | Create | Villager (Male) |
| 20:50 | Research | Heavy Plow |
| 21:07 | Build | Mining Camp |
| 21:10 | Create | Villager (Male) |
| 21:10 | Create | Villager (Male) |
| 21:19 | Create | Villager (Male) |
| 21:19 | Create | Villager (Male) |
| 21:23 | Build | Farm |
| 21:25 | Build | Farm |
| 21:28 | Build | Farm |
| 21:29 | Create | Villager (Male) |
| 21:29 | Create | Villager (Male) |
| 21:40 | Build | House |
| 21:41 | Build | House |
| 22:07 | Build | Farm |
| 22:15 | Build | House |
| 22:17 | Build | House |
| 22:17 | Build | House |
| 22:19 | Build | House |
| 22:22 | Research | Wheelbarrow |
| 22:23 | Create | Villager (Male) |
| 22:23 | Create | Villager (Male) |
| 22:27 | Build | Farm |
| 22:41 | Create | Villager (Male) |
| 22:41 | Create | Villager (Male) |
| 23:07 | Create | Villager (Male) |
| 23:07 | Create | Villager (Male) |
| 23:12 | Build | Farm |
| 23:23 | Build | Building 665 |
Build order — TW_andy.fet
First 150 of 268 actions detected
| 0:00 | Create | Villager (Male) |
| 0:01 | Create | Villager (Male) |
| 0:01 | Create | Villager (Male) |
| 0:02 | Build | House |
| 0:03 | Build | House |
| 0:52 | Create | Villager (Male) |
| 1:29 | Create | Villager (Male) |
| 1:49 | Build | Lumber Camp |
| 1:51 | Create | Villager (Male) |
| 2:16 | Create | Villager (Male) |
| 2:16 | Create | Villager (Male) |
| 2:33 | Create | Villager (Male) |
| 2:56 | Create | Villager (Male) |
| 3:20 | Create | Villager (Male) |
| 3:51 | Build | House |
| 3:56 | Build | House |
| 4:01 | Build | House |
| 4:09 | Create | Villager (Male) |
| 4:19 | Create | Villager (Male) |
| 4:54 | Create | Villager (Male) |
| 4:54 | Create | Villager (Male) |
| 5:04 | Build | Mill |
| 5:13 | Create | Villager (Male) |
| 5:13 | Create | Villager (Male) |
| 5:20 | Create | Villager (Male) |
| 6:41 | Create | Villager (Male) |
| 6:41 | Create | Villager (Male) |
| 6:41 | Create | Villager (Male) |
| 6:41 | Create | Villager (Male) |
| 6:42 | Create | Villager (Male) |
| 6:48 | Create | Villager (Male) |
| 6:48 | Create | Villager (Male) |
| 7:15 | Build | Farm |
| 7:18 | Build | Farm |
| 7:20 | Build | Farm |
| 8:04 | Build | Mining Camp |
| 8:34 | Research | Feudal Age |
| 8:34 | Create | Villager (Male) |
| 8:41 | Create | Villager (Male) |
| 9:15 | Build | Farm |
| 10:44 | Age | Feudal Age |
| 10:53 | Build | Market |
| 10:56 | Build | Blacksmith |
| 11:25 | Build | Mining Camp |
| 11:31 | Build | House |
| 12:13 | Research | Castle Age |
| 13:00 | Research | Loom |
| 13:00 | Create | Villager (Male) |
| 13:01 | Create | Villager (Male) |
| 13:01 | Create | Villager (Male) |
| 13:08 | Research | Double-Bit Axe |
| 13:43 | Create | Villager (Male) |
| 14:19 | Build | Farm |
| 14:27 | Create | Villager (Male) |
| 14:27 | Create | Villager (Male) |
| 14:53 | Age | Castle Age |
| 14:58 | Create | Villager (Male) |
| 15:10 | Build | Siege Workshop |
| 15:32 | Build | Farm |
| 15:38 | Create | Villager (Male) |
| 15:43 | Build | House |
| 15:44 | Build | House |
| 15:56 | Create | Villager (Male) |
| 16:10 | Build | Farm |
| 16:12 | Build | Farm |
| 16:26 | Build | Castle |
| 16:38 | Create | Villager (Male) |
| 16:44 | Create | Unit 1105 |
| 16:51 | Build | House |
| 17:03 | Build | Farm |
| 17:07 | Create | Villager (Male) |
| 17:12 | Create | Villager (Male) |
| 17:39 | Create | Battering Ram |
| 17:47 | Build | Farm |
| 17:48 | Create | Villager (Male) |
| 17:54 | Create | Gbeto |
| 17:54 | Create | Gbeto |
| 18:02 | Build | Farm |
| 18:11 | Build | House |
| 18:18 | Build | Farm |
| 18:20 | Create | Villager (Male) |
| 18:26 | Create | Gbeto |
| 18:26 | Create | Gbeto |
| 18:27 | Create | Gbeto |
| 18:37 | Create | Gbeto |
| 18:37 | Create | Gbeto |
| 18:38 | Create | Gbeto |
| 18:45 | Build | Farm |
| 19:04 | Build | Farm |
| 19:07 | Create | Villager (Male) |
| 19:12 | Create | Villager (Male) |
| 19:21 | Build | Farm |
| 19:37 | Build | Farm |
| 19:39 | Create | Villager (Male) |
| 19:40 | Create | Villager (Male) |
| 19:51 | Create | Gbeto ×2 |
| 20:26 | Create | Villager (Male) ×2 |
| 20:27 | Create | Villager (Male) |
| 20:41 | Create | Villager (Male) |
| 20:56 | Build | Farm |
| 20:58 | Create | Villager (Male) |
| 21:00 | Create | Gbeto |
| 21:06 | Build | Farm |
| 21:08 | Create | Gbeto |
| 21:38 | Create | Gbeto ×2 |
| 21:38 | Create | Gbeto ×3 |
| 21:38 | Create | Gbeto |
| 22:11 | Create | Villager (Male) ×3 |
| 23:01 | Create | Gbeto ×5 |
| 23:01 | Create | Gbeto ×5 |
| 23:01 | Create | Gbeto |
| 23:37 | Create | Villager (Male) ×4 |
| 24:00 | Create | Villager (Male) |
| 24:13 | Create | Gbeto ×2 |
| 24:24 | Create | Villager (Male) |
| 24:24 | Create | Villager (Male) |
| 24:31 | Build | Town Center |
| 24:44 | Build | Town Center |
| 24:57 | Build | Town Center |
| 24:59 | Create | Villager (Male) ×4 |
| 25:00 | Create | Villager (Male) ×4 |
| 26:18 | Create | Villager (Male) ×5 |
| 26:18 | Create | Villager (Male) ×3 |
| 27:33 | Create | Gbeto ×5 |
| 27:34 | Create | Gbeto ×2 |
| 27:37 | Create | Villager (Male) |
| 27:41 | Build | House |
| 27:42 | Build | House |
| 27:43 | Build | House |
| 27:44 | Build | House |
| 27:46 | Create | Gbeto |
| 27:50 | Build | Farm |
| 27:51 | Build | Farm |
| 27:51 | Build | Farm |
| 27:51 | Build | Farm |
| 27:51 | Build | Farm |
| 27:51 | Build | Farm |
| 27:55 | Build | Farm |
| 27:55 | Build | Farm |
| 27:55 | Build | Farm |
| 27:55 | Build | Farm |
| 27:56 | Build | Farm |
| 27:56 | Build | Farm |
| 29:05 | Create | Villager (Male) ×5 |
| 29:06 | Create | Villager (Male) ×5 |
| 29:10 | Build | Farm |
| 29:13 | Build | House |
| 29:14 | Build | House |
| 29:15 | Build | House |
| 29:24 | Build | Farm |
Build order — TW_HILEO
First 150 of 283 actions detected
| 0:01 | Create | Villager (Male) ×4 |
| 0:01 | Create | Villager (Male) ×4 |
| 0:02 | Build | House |
| 0:03 | Build | House |
| 1:39 | Create | Villager (Male) |
| 1:59 | Build | Lumber Camp |
| 2:04 | Create | Villager (Male) |
| 2:28 | Create | Villager (Male) |
| 2:28 | Create | Villager (Male) |
| 2:29 | Create | Villager (Male) |
| 3:19 | Create | Villager (Male) |
| 3:19 | Create | Villager (Male) |
| 3:58 | Build | House |
| 4:06 | Create | Villager (Male) |
| 4:23 | Build | House |
| 4:24 | Build | House |
| 4:45 | Create | Villager (Male) |
| 4:45 | Create | Villager (Male) |
| 4:46 | Create | Villager (Male) |
| 5:15 | Build | Mill |
| 5:18 | Create | Villager (Male) |
| 5:18 | Create | Villager (Male) |
| 5:18 | Create | Villager (Male) |
| 6:01 | Create | Villager (Male) |
| 6:02 | Create | Villager (Male) |
| 6:02 | Create | Villager (Male) |
| 6:15 | Create | Villager (Male) |
| 6:27 | Create | Villager (Male) |
| 7:06 | Build | Farm |
| 7:10 | Build | Farm |
| 7:30 | Build | Farm |
| 7:47 | Create | Villager (Male) |
| 8:09 | Build | Mining Camp |
| 8:32 | Research | Feudal Age |
| 9:56 | Create | Villager (Male) |
| 9:57 | Create | Villager (Male) |
| 11:05 | Age | Feudal Age |
| 11:08 | Build | Market |
| 11:13 | Build | Blacksmith |
| 12:04 | Research | Castle Age |
| 12:04 | Research | Castle Age |
| 12:16 | Build | Mining Camp |
| 12:18 | Research | Double-Bit Axe |
| 12:18 | Research | Double-Bit Axe |
| 13:12 | Build | House |
| 13:13 | Build | House |
| 13:20 | Research | Horse Collar |
| 13:46 | Create | Villager (Male) |
| 13:46 | Create | Villager (Male) |
| 14:44 | Age | Castle Age |
| 15:17 | Create | Villager (Male) |
| 15:20 | Build | Farm |
| 15:24 | Research | Bow Saw |
| 15:56 | Build | Castle |
| 15:58 | Create | Villager (Male) |
| 16:11 | Build | Farm |
| 16:12 | Build | Farm |
| 16:15 | Create | Villager (Male) |
| 16:36 | Build | Farm |
| 16:37 | Create | Villager (Male) |
| 16:51 | Create | Villager (Male) |
| 16:56 | Build | Farm |
| 16:56 | Build | Farm |
| 16:56 | Build | Farm |
| 16:57 | Build | Farm |
| 16:58 | Create | Villager (Male) |
| 17:21 | Create | Hussite Wagon |
| 17:21 | Create | Hussite Wagon |
| 17:22 | Create | Hussite Wagon |
| 17:22 | Create | Hussite Wagon |
| 17:48 | Build | Lumber Camp |
| 17:50 | Create | Villager (Male) |
| 18:09 | Create | Villager (Male) |
| 18:30 | Build | Farm |
| 18:34 | Build | Farm |
| 18:39 | Create | Villager (Male) |
| 18:43 | Create | Hussite Wagon |
| 19:03 | Create | Villager (Male) |
| 19:32 | Create | Villager (Male) |
| 19:36 | Create | Hussite Wagon |
| 19:37 | Create | Hussite Wagon |
| 19:51 | Build | Siege Workshop |
| 20:01 | Research | Wheelbarrow |
| 20:03 | Create | Villager (Male) |
| 20:12 | Build | Town Center |
| 20:23 | Create | Villager (Male) |
| 20:26 | Create | Hussite Wagon |
| 20:39 | Create | Petard |
| 20:39 | Create | Petard |
| 21:21 | Create | Battering Ram |
| 21:22 | Create | Battering Ram |
| 21:32 | Build | Mining Camp |
| 21:34 | Create | Villager (Male) |
| 21:34 | Create | Villager (Male) |
| 22:00 | Create | Villager (Male) |
| 22:03 | Create | Hussite Wagon |
| 22:03 | Create | Hussite Wagon |
| 22:35 | Create | Villager (Male) |
| 22:35 | Create | Villager (Male) |
| 22:54 | Build | House |
| 22:54 | Build | House |
| 22:55 | Build | House |
| 23:24 | Create | Villager (Male) |
| 23:24 | Create | Villager (Male) |
| 23:24 | Create | Villager (Male) |
| 23:45 | Create | Villager (Male) |
| 23:46 | Create | Villager (Male) |
| 23:46 | Create | Villager (Male) |
| 23:53 | Build | Farm |
| 23:53 | Build | Farm |
| 23:53 | Build | Farm |
| 23:53 | Build | Farm |
| 23:54 | Build | Farm |
| 23:54 | Build | Farm |
| 23:54 | Build | Farm |
| 23:54 | Build | Farm |
| 24:33 | Create | Villager (Male) |
| 24:33 | Create | Villager (Male) |
| 24:34 | Create | Villager (Male) |
| 24:34 | Create | Villager (Male) |
| 24:44 | Build | House |
| 24:46 | Build | House |
| 24:47 | Build | House |
| 24:49 | Build | House |
| 25:16 | Research | Imperial Age |
| 25:34 | Research | Loom |
| 26:30 | Research | Hand Cart |
| 26:51 | Build | House |
| 26:52 | Build | House |
| 26:53 | Build | House |
| 26:55 | Research | Town Watch |
| 27:04 | Build | University |
| 27:30 | Create | Villager (Male) |
| 27:30 | Create | Villager (Male) |
| 27:31 | Create | Villager (Male) |
| 27:46 | Build | Farm |
| 27:46 | Build | Farm |
| 27:47 | Build | Farm |
| 27:47 | Build | Farm |
| 27:48 | Build | Farm |
| 27:48 | Build | Farm |
| 27:49 | Build | Farm |
| 27:54 | Build | Lumber Camp |
| 28:13 | Create | Villager (Male) |
| 28:13 | Create | Villager (Male) |
| 28:18 | Research | Chemistry |
| 28:23 | Build | Farm |
| 28:23 | Build | Farm |
| 28:30 | Build | Siege Workshop |
| 28:39 | Build | Siege Workshop |
Build order — 游樂比(ULB)
First 150 of 405 actions detected
| 0:01 | Create | Villager (Male) |
| 0:01 | Create | Villager (Male) |
| 0:02 | Create | Villager (Male) |
| 0:02 | Create | Villager (Male) |
| 0:03 | Build | House |
| 0:05 | Build | House |
| 1:26 | Create | Villager (Male) |
| 1:26 | Create | Villager (Male) |
| 1:50 | Create | Villager (Male) |
| 1:59 | Create | Villager (Male) |
| 2:15 | Build | Lumber Camp |
| 2:49 | Create | Villager (Male) |
| 2:50 | Create | Villager (Male) |
| 2:50 | Create | Villager (Male) |
| 3:06 | Create | Villager (Male) |
| 3:34 | Build | House |
| 3:38 | Create | Villager (Male) |
| 3:40 | Build | House |
| 3:41 | Build | House |
| 3:49 | Create | Villager (Male) |
| 4:26 | Create | Villager (Male) |
| 4:27 | Create | Villager (Male) |
| 5:17 | Build | Mill |
| 5:35 | Create | Villager (Male) |
| 5:46 | Create | Villager (Male) |
| 5:47 | Create | Villager (Male) |
| 5:47 | Create | Villager (Male) |
| 6:26 | Create | Villager (Male) |
| 6:40 | Build | Farm |
| 6:42 | Build | Farm |
| 6:44 | Build | Farm |
| 6:47 | Create | Villager (Male) |
| 7:06 | Create | Villager (Male) |
| 8:13 | Research | Feudal Age |
| 8:26 | Build | Mining Camp |
| 8:41 | Create | Villager (Male) |
| 8:41 | Create | Villager (Male) |
| 10:56 | Age | Feudal Age |
| 10:58 | Build | Market |
| 11:00 | Build | Blacksmith |
| 11:26 | Build | House |
| 11:28 | Build | House |
| 11:45 | Research | Castle Age |
| 11:45 | Research | Castle Age |
| 12:06 | Research | Double-Bit Axe |
| 12:34 | Research | Horse Collar |
| 12:46 | Build | House |
| 12:48 | Build | House |
| 13:13 | Create | Villager (Male) |
| 13:47 | Build | Farm |
| 13:49 | Build | Farm |
| 13:56 | Create | Villager (Male) |
| 14:26 | Age | Castle Age |
| 14:29 | Build | Town Center |
| 14:32 | Build | Town Center |
| 14:36 | Research | Bow Saw |
| 14:55 | Build | House |
| 14:56 | Build | House |
| 15:00 | Build | House |
| 15:05 | Create | Villager (Male) |
| 15:08 | Build | Farm |
| 15:25 | Create | Villager (Male) |
| 15:43 | Build | Farm |
| 15:46 | Build | Farm |
| 15:48 | Create | Villager (Male) |
| 15:55 | Create | Villager (Male) |
| 15:55 | Create | Villager (Male) |
| 15:56 | Create | Villager (Male) |
| 16:09 | Build | Farm |
| 16:17 | Create | Villager (Male) |
| 16:26 | Create | Villager (Male) |
| 16:29 | Build | Farm |
| 16:39 | Build | Farm |
| 16:40 | Create | Villager (Male) |
| 16:43 | Build | Farm |
| 16:48 | Create | Villager (Male) |
| 16:48 | Create | Villager (Male) |
| 16:51 | Build | House |
| 16:53 | Build | House |
| 16:54 | Create | Villager (Male) |
| 16:58 | Create | Villager (Male) |
| 17:11 | Build | Town Center |
| 17:16 | Create | Villager (Male) |
| 17:18 | Build | Farm |
| 17:26 | Build | Farm |
| 17:26 | Build | Farm |
| 17:26 | Build | Farm |
| 17:27 | Build | Farm |
| 17:27 | Build | Farm |
| 17:29 | Create | Villager (Male) |
| 17:35 | Build | Farm |
| 17:37 | Build | Farm |
| 17:42 | Create | Villager (Male) |
| 17:54 | Build | House |
| 17:55 | Build | House |
| 17:56 | Create | Villager (Male) |
| 18:03 | Build | Farm |
| 18:04 | Build | Farm |
| 18:08 | Build | Farm |
| 18:09 | Create | Villager (Male) |
| 18:14 | Build | Farm |
| 18:16 | Build | Farm |
| 18:21 | Build | Farm |
| 18:22 | Create | Villager (Male) |
| 18:24 | Create | Villager (Male) |
| 18:30 | Build | Farm |
| 18:31 | Build | Farm |
| 18:36 | Create | Villager (Male) |
| 18:49 | Build | Farm |
| 18:50 | Create | Villager (Male) |
| 18:50 | Create | Villager (Male) |
| 18:52 | Build | Farm |
| 18:54 | Create | Villager (Male) |
| 18:55 | Create | Villager (Male) |
| 19:00 | Build | Farm |
| 19:01 | Build | Farm |
| 19:02 | Create | Villager (Male) |
| 19:02 | Create | Villager (Male) |
| 19:11 | Create | Villager (Male) |
| 19:13 | Build | House |
| 19:14 | Build | House |
| 19:16 | Build | House |
| 19:17 | Create | Villager (Male) |
| 19:23 | Build | Farm |
| 19:24 | Create | Villager (Male) |
| 19:24 | Create | Villager (Male) |
| 19:27 | Build | Farm |
| 19:29 | Build | Farm |
| 19:36 | Build | Farm |
| 19:37 | Create | Villager (Male) |
| 19:37 | Create | Villager (Male) |
| 19:40 | Build | Farm |
| 19:42 | Create | Villager (Male) |
| 19:46 | Create | Villager (Male) |
| 19:46 | Create | Villager (Male) |
| 19:54 | Build | Farm |
| 19:54 | Create | Villager (Male) |
| 19:55 | Create | Villager (Male) |
| 19:59 | Build | Farm |
| 20:00 | Build | Farm |
| 20:02 | Build | Farm |
| 20:03 | Create | Villager (Male) |
| 20:03 | Create | Villager (Male) |
| 20:10 | Build | Farm |
| 20:12 | Build | Farm |
| 20:12 | Create | Villager (Male) |
| 20:13 | Create | Villager (Male) |
| 20:17 | Create | Villager (Male) |
| 20:18 | Create | Villager (Male) |
| 20:18 | Create | Villager (Male) |
Build order — TW_Paul
First 150 of 368 actions detected
| 0:01 | Create | Villager (Male) ×4 |
| 0:03 | Build | House |
| 0:04 | Build | House |
| 1:35 | Create | Villager (Male) |
| 2:03 | Create | Villager (Male) |
| 2:03 | Create | Villager (Male) |
| 2:18 | Create | Villager (Male) |
| 2:50 | Create | Villager (Male) |
| 2:51 | Create | Villager (Male) |
| 3:12 | Build | Lumber Camp |
| 3:18 | Create | Villager (Male) |
| 3:18 | Create | Villager (Male) |
| 3:30 | Build | House |
| 3:33 | Build | House |
| 3:33 | Build | House |
| 3:45 | Create | Villager (Male) |
| 3:46 | Create | Villager (Male) |
| 4:35 | Create | Villager (Male) |
| 4:35 | Create | Villager (Male) |
| 4:39 | Build | Mill |
| 5:05 | Build | House |
| 5:23 | Create | Villager (Male) |
| 5:23 | Create | Villager (Male) |
| 5:53 | Create | Villager (Male) |
| 5:53 | Create | Villager (Male) |
| 6:35 | Create | Villager (Male) |
| 6:35 | Create | Villager (Male) |
| 6:35 | Create | Villager (Male) |
| 7:15 | Create | Villager (Male) |
| 8:23 | Create | Villager (Male) |
| 8:25 | Build | Mining Camp |
| 8:46 | Build | Farm |
| 8:49 | Research | Feudal Age |
| 8:49 | Research | Feudal Age |
| 8:52 | Build | Farm |
| 10:17 | Create | Villager (Male) |
| 10:19 | Create | Villager (Male) |
| 10:59 | Age | Feudal Age |
| 11:02 | Build | Market |
| 11:04 | Build | Blacksmith |
| 11:37 | Research | Castle Age |
| 11:37 | Research | Castle Age |
| 12:30 | Research | Double-Bit Axe |
| 12:31 | Research | Horse Collar |
| 12:39 | Build | House |
| 12:41 | Build | House |
| 12:52 | Build | Farm |
| 12:54 | Build | Farm |
| 13:12 | Build | Farm |
| 13:15 | Build | Farm |
| 13:25 | Build | Farm |
| 14:04 | Create | Villager (Male) |
| 14:29 | Age | Castle Age |
| 14:31 | Build | Siege Workshop |
| 14:39 | Build | Farm |
| 14:44 | Research | Bow Saw |
| 14:44 | Research | Heavy Plow |
| 14:52 | Create | Villager (Male) |
| 14:59 | Build | Farm |
| 15:16 | Create | Villager (Male) |
| 15:23 | Build | Farm |
| 15:26 | Build | Farm |
| 15:27 | Build | Farm |
| 15:28 | Create | Villager (Male) |
| 15:30 | Build | Farm |
| 15:49 | Build | Monastery |
| 15:57 | Create | Villager (Male) |
| 16:04 | Build | Monastery |
| 16:07 | Build | Farm |
| 16:08 | Create | Villager (Male) |
| 16:11 | Build | House |
| 16:11 | Build | House |
| 16:17 | Create | Villager (Male) |
| 16:20 | Build | Farm |
| 16:35 | Research | Wheelbarrow |
| 16:36 | Research | Wheelbarrow |
| 16:46 | Create | Monk |
| 16:59 | Create | Armored Elephant |
| 17:04 | Build | Farm |
| 17:21 | Build | Monastery |
| 17:25 | Create | Monk |
| 17:31 | Create | Armored Elephant |
| 17:48 | Create | Monk |
| 18:00 | Research | Fervor |
| 18:05 | Create | Monk |
| 18:07 | Build | House |
| 18:08 | Build | House |
| 18:09 | Build | House |
| 18:11 | Build | House |
| 18:15 | Create | Villager (Male) |
| 18:16 | Create | Armored Elephant |
| 18:31 | Build | Lumber Camp |
| 18:54 | Create | Monk |
| 18:54 | Create | Monk |
| 18:56 | Create | Villager (Male) |
| 18:56 | Create | Villager (Male) |
| 18:58 | Build | Farm |
| 19:04 | Build | Town Center |
| 19:12 | Create | Villager (Male) |
| 19:33 | Create | Monk |
| 19:38 | Create | Monk |
| 19:40 | Create | Villager (Male) |
| 19:43 | Build | Farm |
| 19:46 | Create | Villager (Male) |
| 20:21 | Build | Farm |
| 20:21 | Build | Farm |
| 20:22 | Build | Farm |
| 20:23 | Create | Villager (Male) |
| 20:52 | Build | Farm |
| 20:53 | Build | Farm |
| 20:53 | Build | Farm |
| 20:54 | Build | Farm |
| 20:54 | Build | Farm |
| 20:55 | Create | Villager (Male) |
| 20:55 | Create | Villager (Male) |
| 21:28 | Create | Armored Elephant |
| 21:29 | Create | Villager (Male) |
| 21:29 | Create | Villager (Male) |
| 21:50 | Create | Villager (Male) |
| 21:51 | Create | Villager (Male) |
| 21:53 | Build | Farm |
| 22:22 | Create | Villager (Male) |
| 22:22 | Create | Villager (Male) |
| 22:36 | Build | Town Center |
| 23:02 | Create | Monk |
| 23:02 | Create | Monk |
| 23:04 | Create | Monk |
| 23:04 | Create | Monk |
| 23:26 | Create | Villager (Male) |
| 23:26 | Create | Villager (Male) |
| 23:26 | Create | Villager (Male) |
| 23:35 | Research | Fletching |
| 23:36 | Research | Fletching |
| 23:58 | Build | Siege Workshop |
| 24:21 | Create | Villager (Male) |
| 24:21 | Create | Villager (Male) |
| 24:22 | Create | Villager (Male) |
| 24:26 | Create | Mangonel |
| 24:31 | Create | Scorpion |
| 24:31 | Create | Scorpion |
| 25:02 | Create | Villager (Male) |
| 25:02 | Create | Villager (Male) |
| 25:03 | Create | Villager (Male) |
| 25:04 | Build | Farm |
| 25:04 | Build | Farm |
| 25:04 | Build | Farm |
| 25:04 | Build | Farm |
| 25:05 | Build | Farm |
| 25:05 | Build | Farm |
| 25:17 | Research | Gold Mining |
Build order — 銀河
First 150 of 319 actions detected
| 0:01 | Create | Villager (Male) |
| 0:01 | Create | Villager (Male) |
| 0:02 | Build | House |
| 0:03 | Build | House |
| 0:07 | Create | Villager (Male) |
| 0:08 | Create | Villager (Male) |
| 1:32 | Create | Villager (Male) |
| 1:53 | Build | Lumber Camp |
| 1:57 | Create | Villager (Male) |
| 2:22 | Create | Villager (Male) |
| 2:55 | Create | Villager (Male) |
| 3:23 | Create | Villager (Male) |
| 3:25 | Build | House |
| 3:58 | Create | Villager (Male) |
| 4:09 | Build | House |
| 4:43 | Create | Villager (Male) |
| 4:47 | Build | House |
| 4:51 | Build | Mill |
| 5:07 | Create | Villager (Male) |
| 5:17 | Create | Villager (Male) |
| 5:53 | Create | Villager (Male) |
| 5:53 | Create | Villager (Male) |
| 6:20 | Create | Villager (Male) |
| 6:20 | Create | Villager (Male) |
| 7:11 | Create | Villager (Male) |
| 7:11 | Create | Villager (Male) |
| 7:11 | Create | Villager (Male) |
| 7:12 | Create | Villager (Male) |
| 7:45 | Create | Villager (Male) |
| 8:40 | Build | Mining Camp |
| 8:54 | Research | Feudal Age |
| 9:07 | Build | Farm |
| 9:11 | Build | Farm |
| 9:20 | Build | Farm |
| 10:25 | Create | Villager (Male) |
| 10:36 | Create | Villager (Male) |
| 11:04 | Age | Feudal Age |
| 11:06 | Build | Market |
| 11:10 | Build | Blacksmith |
| 11:57 | Research | Castle Age |
| 13:16 | Research | Double-Bit Axe |
| 13:18 | Research | Horse Collar |
| 14:01 | Create | Villager (Male) |
| 14:02 | Create | Villager (Male) |
| 14:37 | Age | Castle Age |
| 14:40 | Build | Town Center |
| 14:45 | Build | Town Center |
| 14:49 | Research | Bow Saw |
| 15:01 | Build | Farm |
| 15:04 | Build | Farm |
| 15:07 | Create | Villager (Male) |
| 15:26 | Build | House |
| 15:37 | Create | Villager (Male) |
| 15:49 | Build | Farm |
| 16:05 | Create | Villager (Male) |
| 16:07 | Create | Villager (Male) |
| 16:14 | Create | Villager (Male) |
| 16:17 | Build | Farm |
| 16:18 | Build | Farm |
| 16:18 | Build | Farm |
| 16:35 | Create | Villager (Male) |
| 16:41 | Build | Farm |
| 16:42 | Build | Farm |
| 16:43 | Build | Farm |
| 16:51 | Create | Villager (Male) |
| 17:05 | Create | Villager (Male) |
| 17:09 | Create | Villager (Male) |
| 17:18 | Build | Monastery |
| 17:22 | Build | Farm |
| 17:24 | Create | Villager (Male) |
| 17:37 | Create | Villager (Male) |
| 17:39 | Build | Farm |
| 17:40 | Build | Farm |
| 17:44 | Build | Farm |
| 17:46 | Build | Farm |
| 17:49 | Create | Villager (Male) |
| 17:56 | Build | Farm |
| 17:57 | Create | Villager (Male) |
| 18:08 | Create | Villager (Male) |
| 18:11 | Create | Monk |
| 18:19 | Build | House |
| 18:23 | Create | Villager (Male) |
| 18:30 | Build | Farm |
| 18:31 | Create | Villager (Male) |
| 18:32 | Create | Villager (Male) |
| 18:54 | Build | Farm |
| 18:55 | Create | Villager (Male) |
| 19:00 | Create | Villager (Male) |
| 19:03 | Build | House |
| 19:05 | Build | House |
| 19:21 | Create | Villager (Male) |
| 19:21 | Create | Villager (Male) |
| 19:23 | Create | Villager (Male) |
| 19:24 | Create | Villager (Male) |
| 19:26 | Build | Farm |
| 19:26 | Build | Farm |
| 19:27 | Build | Farm |
| 19:27 | Build | Farm |
| 19:32 | Build | Farm |
| 19:42 | Build | Farm |
| 19:42 | Create | Villager (Male) |
| 19:46 | Create | Villager (Male) |
| 20:16 | Create | Villager (Male) |
| 20:16 | Create | Villager (Male) |
| 20:17 | Create | Villager (Male) |
| 20:17 | Create | Villager (Male) |
| 20:21 | Build | Farm |
| 20:23 | Build | Farm |
| 20:25 | Build | House |
| 20:26 | Build | House |
| 20:28 | Create | Villager (Male) |
| 20:30 | Create | Villager (Male) |
| 20:31 | Create | Villager (Male) |
| 20:33 | Create | Villager (Male) |
| 20:39 | Build | Farm |
| 20:43 | Build | Farm |
| 20:44 | Build | Farm |
| 20:47 | Build | Farm |
| 20:48 | Build | Farm |
| 20:50 | Build | Farm |
| 20:51 | Create | Villager (Male) |
| 20:52 | Create | Villager (Male) |
| 20:52 | Create | Villager (Male) |
| 21:05 | Research | Wheelbarrow |
| 21:11 | Build | Farm |
| 21:13 | Create | Villager (Male) |
| 21:15 | Build | House |
| 21:20 | Build | House |
| 21:21 | Create | Villager (Male) |
| 21:22 | Create | Villager (Male) |
| 21:27 | Create | Villager (Male) |
| 21:30 | Create | Villager (Male) |
| 21:34 | Create | Villager (Male) |
| 21:40 | Create | Villager (Male) |
| 21:52 | Build | Town Center |
| 21:54 | Create | Villager (Male) |
| 22:12 | Create | Monk |
| 22:16 | Create | Villager (Male) |
| 22:21 | Build | House |
| 22:22 | Build | House |
| 22:23 | Create | Villager (Male) |
| 22:25 | Create | Villager (Male) |
| 22:29 | Create | Villager (Male) |
| 22:34 | Build | Farm |
| 22:35 | Build | Farm |
| 22:38 | Build | Farm |
| 22:42 | Create | Villager (Male) |
| 22:52 | Build | Farm |
| 22:54 | Create | Villager (Male) |
| 23:00 | Create | Villager (Male) |
Build order — 丞哥講話你要聽!
First 150 of 357 actions detected
| 0:01 | Create | Villager (Male) |
| 0:01 | Create | Villager (Male) |
| 0:01 | Create | Villager (Male) |
| 0:03 | Build | House |
| 0:04 | Build | House |
| 0:22 | Create | Villager (Male) |
| 1:30 | Create | Villager (Male) |
| 1:48 | Build | Lumber Camp |
| 2:02 | Create | Villager (Male) |
| 2:12 | Create | Villager (Male) |
| 2:55 | Create | Villager (Male) |
| 3:08 | Build | House |
| 3:09 | Build | House |
| 3:10 | Build | House |
| 3:14 | Create | Villager (Male) |
| 3:48 | Create | Villager (Male) |
| 3:56 | Build | House |
| 4:10 | Create | Villager (Male) |
| 4:10 | Create | Villager (Male) |
| 4:11 | Create | Villager (Male) |
| 4:46 | Create | Villager (Male) |
| 4:57 | Build | Mill |
| 5:13 | Create | Villager (Male) |
| 5:41 | Create | Villager (Male) |
| 5:41 | Create | Villager (Male) |
| 6:15 | Create | Villager (Male) |
| 6:52 | Create | Villager (Male) |
| 7:17 | Build | Mining Camp |
| 7:28 | Create | Villager (Male) |
| 7:47 | Build | Farm |
| 7:48 | Build | Farm |
| 7:55 | Create | Villager (Male) |
| 8:19 | Create | Villager (Male) |
| 8:29 | Build | Mining Camp |
| 8:35 | Create | Villager (Male) |
| 8:43 | Research | Feudal Age |
| 8:50 | Build | Farm |
| 9:15 | Create | Villager (Male) |
| 9:15 | Create | Villager (Male) |
| 11:23 | Age | Feudal Age |
| 11:34 | Build | Market |
| 11:39 | Build | Blacksmith |
| 12:12 | Research | Loom |
| 12:26 | Research | Castle Age |
| 12:32 | Build | House |
| 13:22 | Build | Barracks |
| 13:26 | Research | Forging |
| 13:48 | Build | House |
| 14:02 | Create | Villager (Male) |
| 14:20 | Create | Militia |
| 14:21 | Create | Militia |
| 14:26 | Create | Spearman |
| 14:34 | Build | Stable |
| 14:39 | Research | Double-Bit Axe |
| 14:52 | Create | Villager (Male) |
| 14:55 | Create | Villager (Male) |
| 15:05 | Research | Horse Collar |
| 15:07 | Create | Villager (Male) |
| 15:18 | Age | Castle Age |
| 15:41 | Create | Villager (Male) |
| 15:54 | Build | Krepost |
| 16:03 | Research | Scale Barding Armor |
| 16:06 | Build | Farm |
| 16:12 | Build | Farm |
| 16:26 | Create | Villager (Male) |
| 16:32 | Build | Farm |
| 16:54 | Create | Villager (Male) |
| 16:56 | Build | Farm |
| 17:22 | Create | Villager (Male) |
| 17:23 | Create | Villager (Male) |
| 17:25 | Build | Farm |
| 17:29 | Build | Farm |
| 17:36 | Build | Farm |
| 18:02 | Create | Villager (Male) |
| 18:15 | Build | Monastery |
| 18:16 | Create | Villager (Male) |
| 18:31 | Build | Farm |
| 18:38 | Build | Farm |
| 18:41 | Create | Villager (Male) |
| 18:53 | Create | Villager (Male) |
| 19:03 | Build | Farm |
| 19:08 | Research | Devotion |
| 19:19 | Build | Farm |
| 19:20 | Build | Farm |
| 19:22 | Build | Farm |
| 19:24 | Create | Villager (Male) |
| 19:35 | Create | Konnik |
| 19:53 | Create | Konnik |
| 19:53 | Create | Konnik |
| 19:57 | Build | Farm |
| 20:05 | Create | Spearman |
| 20:10 | Create | Villager (Male) |
| 20:17 | Build | House |
| 20:18 | Build | House |
| 20:32 | Build | Krepost |
| 20:33 | Create | Villager (Male) |
| 20:55 | Research | Fletching |
| 21:02 | Create | Villager (Male) |
| 21:03 | Create | Villager (Male) |
| 21:33 | Create | Villager (Male) |
| 21:33 | Create | Villager (Male) |
| 21:50 | Create | Villager (Male) |
| 21:50 | Create | Villager (Male) |
| 21:56 | Build | Town Center |
| 22:17 | Create | Konnik |
| 22:36 | Create | Konnik |
| 23:06 | Create | Villager (Male) |
| 23:06 | Create | Villager (Male) |
| 23:10 | Research | Wheelbarrow |
| 23:12 | Create | Villager (Male) |
| 23:12 | Create | Villager (Male) |
| 23:23 | Create | Villager (Male) |
| 23:30 | Build | Town Center |
| 23:36 | Create | Villager (Male) |
| 23:39 | Build | Farm |
| 23:42 | Create | Konnik |
| 23:50 | Create | Villager (Male) |
| 23:50 | Create | Villager (Male) |
| 23:51 | Create | Villager (Male) |
| 24:09 | Create | Scout Cavalry |
| 24:17 | Create | Villager (Male) |
| 24:18 | Create | Villager (Male) |
| 24:34 | Create | Villager (Male) |
| 24:41 | Research | Chain Barding Armor |
| 24:44 | Build | Farm |
| 24:47 | Build | Farm |
| 24:49 | Create | Villager (Male) |
| 24:49 | Create | Villager (Male) |
| 25:06 | Build | Stable |
| 25:13 | Create | Villager (Male) |
| 25:13 | Create | Villager (Male) |
| 25:14 | Create | Villager (Male) |
| 25:17 | Build | Farm |
| 25:18 | Build | Farm |
| 25:20 | Create | Villager (Male) |
| 25:32 | Create | Villager (Male) |
| 25:38 | Research | Light Cavalry (upgrade) |
| 25:42 | Build | Farm |
| 25:45 | Build | Farm |
| 25:47 | Build | Farm |
| 25:49 | Create | Villager (Male) |
| 25:49 | Create | Villager (Male) |
| 25:50 | Create | Villager (Male) |
| 26:11 | Build | House |
| 26:12 | Build | House |
| 26:13 | Create | Villager (Male) |
| 26:13 | Create | Villager (Male) |
| 26:20 | Build | Farm |
| 26:20 | Build | Farm |
| 26:20 | Build | Farm |
Build order — TW_HIHAO
First 150 of 368 actions detected
| 0:01 | Create | Villager (Male) |
| 0:02 | Create | Villager (Male) |
| 0:03 | Build | House |
| 0:04 | Build | House |
| 0:47 | Create | Villager (Male) |
| 0:47 | Create | Villager (Male) |
| 1:34 | Create | Villager (Male) |
| 2:04 | Create | Villager (Male) |
| 2:19 | Build | Lumber Camp |
| 2:27 | Create | Villager (Male) |
| 2:27 | Create | Villager (Male) |
| 3:12 | Create | Villager (Male) |
| 3:12 | Create | Villager (Male) |
| 3:13 | Create | Villager (Male) |
| 3:59 | Create | Villager (Male) |
| 3:59 | Create | Villager (Male) |
| 4:19 | Build | House |
| 4:28 | Build | House |
| 4:29 | Build | House |
| 4:56 | Build | Mill |
| 5:32 | Create | Villager (Male) |
| 5:38 | Create | Villager (Male) |
| 5:38 | Create | Villager (Male) |
| 5:38 | Create | Villager (Male) |
| 5:38 | Create | Villager (Male) |
| 6:03 | Create | Villager (Male) |
| 6:07 | Build | Farm |
| 6:55 | Build | Farm |
| 7:15 | Create | Villager (Male) |
| 7:23 | Build | Farm |
| 7:56 | Build | Mining Camp |
| 8:04 | Create | Villager (Male) |
| 8:09 | Build | Mining Camp |
| 8:59 | Research | Feudal Age |
| 10:00 | Create | Villager (Male) |
| 11:09 | Age | Feudal Age |
| 11:11 | Build | Market |
| 11:13 | Build | Blacksmith |
| 11:17 | Build | House |
| 11:21 | Research | Double-Bit Axe |
| 12:00 | Research | Castle Age |
| 12:04 | Research | Horse Collar |
| 12:18 | Build | Farm |
| 12:21 | Build | Farm |
| 12:24 | Build | Farm |
| 12:43 | Build | Farm |
| 12:47 | Build | Farm |
| 14:21 | Create | Villager (Male) |
| 14:40 | Age | Castle Age |
| 14:43 | Build | Town Center |
| 14:47 | Build | Town Center |
| 14:51 | Research | Bow Saw |
| 15:08 | Create | Villager (Male) |
| 15:09 | Create | Villager (Male) |
| 15:26 | Research | Heavy Plow |
| 15:43 | Create | Villager (Male) |
| 16:20 | Create | Villager (Male) |
| 16:31 | Create | Villager (Male) |
| 16:32 | Create | Villager (Male) |
| 16:40 | Create | Villager (Male) |
| 16:49 | Create | Villager (Male) |
| 16:50 | Create | Villager (Male) |
| 16:50 | Create | Villager (Male) |
| 16:56 | Build | Farm |
| 16:59 | Build | Farm |
| 17:01 | Build | Farm |
| 17:04 | Create | Villager (Male) |
| 17:08 | Build | House |
| 17:09 | Build | House |
| 17:15 | Create | Villager (Male) |
| 17:19 | Build | Farm |
| 17:23 | Build | Farm |
| 17:31 | Create | Villager (Male) |
| 17:37 | Build | Town Center |
| 17:40 | Create | Villager (Male) |
| 17:48 | Build | Farm |
| 17:49 | Create | Villager (Male) |
| 17:53 | Create | Villager (Male) |
| 18:00 | Build | Farm |
| 18:02 | Build | Farm |
| 18:09 | Build | Farm |
| 18:15 | Create | Villager (Male) |
| 18:19 | Build | House |
| 18:20 | Create | Villager (Male) |
| 18:35 | Create | Villager (Male) |
| 18:41 | Build | Farm |
| 18:42 | Build | Farm |
| 18:43 | Create | Villager (Male) |
| 18:46 | Build | Farm |
| 18:47 | Build | Farm |
| 18:47 | Build | Farm |
| 18:47 | Build | Farm |
| 18:48 | Create | Villager (Male) |
| 18:51 | Build | House |
| 19:02 | Create | Villager (Male) |
| 19:05 | Build | House |
| 19:13 | Build | Farm |
| 19:14 | Create | Villager (Male) |
| 19:15 | Create | Villager (Male) |
| 19:18 | Build | Farm |
| 19:23 | Build | Farm |
| 19:26 | Create | Villager (Male) |
| 19:29 | Build | Farm |
| 19:30 | Create | Villager (Male) |
| 19:35 | Build | Farm |
| 19:37 | Create | Villager (Male) |
| 19:40 | Build | House |
| 19:43 | Create | Villager (Male) |
| 19:45 | Build | Farm |
| 19:53 | Build | Farm |
| 19:57 | Create | Villager (Male) |
| 19:58 | Create | Villager (Male) |
| 20:03 | Build | Farm |
| 20:05 | Build | Farm |
| 20:06 | Create | Villager (Male) |
| 20:08 | Create | Villager (Male) |
| 20:10 | Build | House |
| 20:11 | Build | House |
| 20:18 | Build | Farm |
| 20:19 | Create | Villager (Male) |
| 20:25 | Build | Farm |
| 20:26 | Create | Villager (Male) |
| 20:31 | Build | Farm |
| 20:32 | Create | Villager (Male) |
| 20:36 | Create | Villager (Male) |
| 20:39 | Build | Farm |
| 20:43 | Build | House |
| 20:46 | Research | Wheelbarrow |
| 20:58 | Build | Farm |
| 20:59 | Create | Villager (Male) |
| 21:00 | Create | Villager (Male) |
| 21:02 | Build | Farm |
| 21:04 | Create | Villager (Male) |
| 21:06 | Create | Villager (Male) |
| 21:09 | Build | Farm |
| 21:24 | Create | Villager (Male) |
| 21:26 | Research | Gold Mining |
| 21:30 | Create | Villager (Male) |
| 21:30 | Create | Villager (Male) |
| 21:32 | Build | House |
| 21:32 | Build | House |
| 21:33 | Build | House |
| 21:43 | Build | University |
| 21:45 | Create | Villager (Male) |
| 21:46 | Create | Villager (Male) |
| 21:58 | Create | Villager (Male) |
| 22:01 | Create | Villager (Male) |
| 22:04 | Create | Villager (Male) |
| 22:12 | Research | Hand Cart |
| 22:16 | Create | Villager (Male) |
Match timeline
| 10:44 | TW_andy.fet · age_up feudal |
| 10:56 | 游樂比(ULB) · age_up feudal |
| 10:59 | TW_Paul · age_up feudal |
| 11:04 | 銀河 · age_up feudal |
| 11:05 | TW_HILEO · age_up feudal |
| 11:08 | Kou_Bs · age_up feudal |
| 11:09 | TW_HIHAO · age_up feudal |
| 11:23 | 丞哥講話你要聽! · age_up feudal |
| 13:22 | 丞哥講話你要聽! · first_building Barracks |
| 14:26 | 游樂比(ULB) · age_up castle |
| 14:29 | TW_Paul · age_up castle |
| 14:31 | TW_Paul · first_building Siege Workshop |
| 14:34 | 丞哥講話你要聽! · first_building Stable |
| 14:37 | 銀河 · age_up castle |
| 14:40 | TW_HIHAO · age_up castle |
| 14:44 | TW_HILEO · age_up castle |
| 14:52 | Kou_Bs · age_up castle |
| 14:53 | TW_andy.fet · age_up castle |
| 15:01 | Kou_Bs · first_building Siege Workshop |
| 15:10 | TW_andy.fet · first_building Siege Workshop |
| 15:18 | 丞哥講話你要聽! · age_up castle |
| 15:49 | TW_Paul · first_building Monastery |
| 15:54 | 丞哥講話你要聽! · first_building Krepost |
| 15:56 | TW_HILEO · first_building Castle |
| 16:26 | TW_andy.fet · first_building Castle |
| 16:28 | 銀河 · first_market_buy 100 stone |
| 16:47 | 游樂比(ULB) · first_market_buy 100 food |
| 16:57 | Kou_Bs · first_market_sell 100 food |
| 17:02 | Kou_Bs · first_market_buy 100 wood |
| 17:18 | 銀河 · first_building Monastery |
| 17:27 | TW_HIHAO · first_market_buy 100 stone |
| 18:15 | 丞哥講話你要聽! · first_building Monastery |
| 18:57 | Kou_Bs · wall_segment Stone Wall x4 |
| 19:51 | TW_HILEO · first_building Siege Workshop |
| 19:56 | Kou_Bs · wall_segment Stone Wall x2 |
| 19:57 | Kou_Bs · wall_segment Stone Wall x1 |
| 19:58 | Kou_Bs · wall_segment Stone Wall x1 |
| 20:00 | Kou_Bs · wall_segment Stone Wall x1 |
| 20:01 | Kou_Bs · wall_segment Stone Wall x6 |
| 20:10 | Kou_Bs · wall_segment Stone Wall x11 |
| 20:14 | Kou_Bs · wall_segment Stone Wall x7 |
| 20:14 | Kou_Bs · wall_segment Stone Wall x1 |
| 23:21 | TW_HIHAO · first_building Monastery |
| 23:25 | Kou_Bs · wall_segment Stone Wall x2 |
| 23:33 | Kou_Bs · wall_segment Stone Wall x1 |
| 23:41 | 游樂比(ULB) · first_building Castle |
| 24:13 | 銀河 · first_building Siege Workshop |
| 24:20 | 游樂比(ULB) · first_building Monastery |
| 24:40 | 銀河 · first_market_sell 100 wood |
| 24:40 | TW_andy.fet · first_market_buy 100 stone |
| 24:56 | TW_HIHAO · first_building Castle |
| 25:04 | Kou_Bs · wall_segment Stone Wall x2 |
| 25:06 | TW_HILEO · first_market_buy 100 food |
| 25:07 | TW_HILEO · first_market_sell 100 wood |
| 25:23 | 游樂比(ULB) · first_building Barracks |
| 25:54 | 游樂比(ULB) · first_building Stable |
| 26:14 | TW_HIHAO · first_building Barracks |
| 27:17 | TW_Paul · first_market_buy 100 wood |
| 27:18 | Kou_Bs · first_building Barracks |
| 27:49 | Kou_Bs · first_building Stable |
| 27:59 | 游樂比(ULB) · age_up imperial |
| 28:00 | 銀河 · age_up imperial |
| 28:39 | TW_HILEO · age_up imperial |
| 28:50 | TW_HIHAO · first_building Siege Workshop |
| 28:51 | 銀河 · first_building Castle |
| 29:07 | TW_HIHAO · age_up imperial |
| 29:56 | TW_HILEO · first_building Barracks |
| 30:09 | 銀河 · wall_segment Stone Wall x1 |
| 30:09 | Kou_Bs · age_up imperial |
| 31:02 | 銀河 · wall_segment Stone Wall x1 |
| 31:48 | 游樂比(ULB) · first_market_sell 100 food |
| 32:00 | TW_Paul · first_building Barracks |
| 32:06 | TW_HILEO · first_building Monastery |
| 32:10 | TW_HIHAO · first_building Stable |
| 32:11 | Kou_Bs · first_building Castle |
| 32:13 | TW_HIHAO · first_building Archery Range |
| 32:51 | 丞哥講話你要聽! · first_market_buy 100 stone |
| 32:56 | TW_Paul · first_building Stable |
| 32:58 | TW_Paul · age_up imperial |
| 33:18 | TW_andy.fet · first_building Barracks |
| 34:02 | Kou_Bs · wall_segment Stone Wall x3 |
| 34:05 | TW_Paul · wall_segment Stone Wall x1 |
| 34:07 | Kou_Bs · wall_segment Stone Wall x5 |
| 35:39 | TW_andy.fet · age_up imperial |
| 36:19 | TW_andy.fet · first_building Archery Range |
| 37:38 | 銀河 · wall_segment Stone Wall x1 |
| 38:57 | TW_HIHAO · first_market_sell 100 wood |
| 39:23 | TW_HIHAO · resign |
[ AI ANALYSIS · 1 CREDIT ]
What really happened in this match?
Wolo.gg analyzes every decision: build order, eco, micro, common mistakes by bracket. Personalized analysis on WhatsApp or Discord in 30 seconds.
Civ guide
Burmese
Perfil
Kou_Bs